 Dungeon Crawl Stone Soup version 0.23-a0-714-g00c90a0c22 (webtiles) character file.

1038 Roikka the Ducker (level 8, -3/62 HPs)
             Began as a Demonspawn Gladiator on Jan 16, 2019.
             Was a Believer of Uskayaw.
             Slain by a two-headed ogre
             ... wielding a +0 giant club
              (13 damage)
             ... on level 5 of the Dungeon.
             The game lasted 00:22:52 (4951 turns).

Roikka the Ducker (Demonspawn Gladiator)            Turns: 4951, Time: 00:22:52

Health: -3/62      AC: 11    Str: 14    XL:     8   Next: 4%
Magic:  8/11       EV:  9    Int: 10    God:    Uskayaw [**....]
Gold:   190        SH:  4    Dex: 17    Spells: 7/7 levels left

rFire    + . .     SeeInvis .   a - +2 dire flail (protect)
rCold    . . .     Gourm    .   (shield currently unavailable)
rNeg     . . .     Faith    .   n - +0 chain mail
rPois    .         Spirit   .   c - +0 helmet
rElec    .         Reflect  .   g - +0 cloak
rCorr    .         Harm     .   (no gloves)
MR       .....                  (no boots)
Stlth    ..........             (no amulet)
HPRegen  0.20/turn              w - ring "Hias" {rF+ EV+1}
MPRegen  0.12/turn              (no ring)

@: studying Transmutations
A: hooves 1, large bone plates 1, foul stench 1, rot immunity
a: Stomp, Line Pass, Renounce Religion


You were on level 5 of the Dungeon.
You worshipped Uskayaw.
Uskayaw was noncommittal.
You were not hungry.

You visited 1 branch of the dungeon, and saw 6 of its levels.

You collected 190 gold pieces.

Inventory:

Hand Weapons
 a - a +2 dire flail of protection (weapon)
 b - a +0 shortbow
 d - a +0 long sword
 v - a +0 dagger of flaming
Missiles
 s - a throwing net (quivered)
 y - 26 arrows
Armour
 c - a +0 helmet (worn)
 g - a +0 cloak (worn)
 k - a +0 large shield
 n - a +0 chain mail (worn)
Jewellery
 w - the ring "Hias" (left hand) {rF+ EV+1}
   (You found it on level 5 of the Dungeon)

   [ring of evasion]

   It affects your evasion (+1).
   It protects you from fire.
Scrolls
 l - 2 scrolls of amnesia {unknown}
 m - 3 scrolls of teleportation
 o - 3 scrolls of remove curse {unknown}
 p - a scroll of enchant weapon {unknown}
 q - a scroll of fog
Potions
 e - a potion of mutation {unknown}
 h - a potion of flight
 i - 2 potions of degeneration {unknown}
 r - 2 potions of might {unknown}
 t - a potion of magic {unknown}
 u - 2 potions of curing {unknown}
 x - a potion of haste {unknown}
Books
 z - a manual of Transmutations
Comestibles
 f - 9 rations
 j - 6 chunks of flesh


   Skills:
 - Level 5.0 Fighting
 - Level 3.1 Long Blades
 - Level 1.7 Throwing
 + Level 3.2 Armour
 - Level 5.0 Dodging
 - Level 3.1 Shields
 - Level 4.1 Invocations


You had 7 spell levels left.
You didn't know any spells.
Your spell library was empty.

Dungeon Overview and Level Annotations

Branches:
Dungeon (6/15)             Temple (0/1) D:4

Altars:
Fedhas
Hepliaklqana
Uskayaw
Xom
Zin

Shops:
D:4 *

Annotations:
D:2 2 transporters


Innate Abilities, Weirdness & Mutations

You have large cloven feet.
You are partially covered in large bone plates. (SH +4)
You may emit foul miasma when damaged in melee.
You are immune to rotting.


Message History

The hound is no longer paralysed.
You barely miss the two-headed ogre.
The two-headed ogre is heavily wounded.
The two-headed ogre hits you but does no damage.
The two-headed ogre looks sick.
The two-headed ogre hits you but does no damage.
The hound closely misses you.
You stomp with the beat, sending a shockwave through the revelers around you!
The two-headed ogre is severely wounded.
You kill the hound!
You feel somewhat more hungry.
The two-headed ogre hits you with a +0 giant club!
* * * LOW HITPOINT WARNING * * *
You emit a cloud of foul miasma!
The two-headed ogre barely misses you.
You barely miss the two-headed ogre.
The two-headed ogre is severely wounded.
The two-headed ogre is engulfed in dark miasma.
The two-headed ogre is poisoned.
The two-headed ogre hits you with a +0 giant club!
You die...

##...........[[..#
####.....#..
##..........[>###
#.....#..#.. ##.#.......[.##
#..###.#..#..
###..........##. ##...#.##..
#....###....#..##...##.##..
##...#....#.#.##....#..##..
###......?..##.#....##.###.#
##..........O#..#...##..##...
#...........@#....###..##....
##...........#.####...##.....
#.#.........#......###......
##..........>....####.....<..
#......#.....#####...#......#
#......#.............####....
#.....##.............).......
###...#...##..#......#.......
#...#......##.=....#.......


You could see a two-headed ogre.

Vanquished Creatures
  Edmund (D:4)
  Duvessa (D:4)
  2 centaurs (D:5)
  Dowan (D:4)
  A scorpion (D:5)
  A water moccasin skeleton (D:5)
  An orc priest (D:5)
  A hound (D:5)
  A bullfrog skeleton (D:3)
  3 iguanas
  3 worker ants (D:5)
  Natasha (thrice) (D:4)
  A worker ant zombie (D:5)
  10 adders
  An ooze (D:1)
  An adder skeleton (D:4)
  4 worms
  2 dart slugs
  3 leopard geckos
  4 orcs (D:5)
  3 ball pythons
  4 giant cockroaches
  3 goblins
  10 hobgoblins
  6 jackals
  9 kobolds
  3 quokkas
  9 bats
  6 frilled lizards
  3 quokka skeletons
  5 rats
106 creatures vanquished.

Notes
Turn   | Place    | Note
-------+----------+-------------------------------------------
     0 | D:1      | Roikka the Demonspawn Gladiator began the quest for the
                  | Orb.
     0 | D:1      | Reached XP level 1. HP: 16/16 MP: 1/1
   261 | D:1      | Gained mutation: You are immune to rotting. [demonic
                  | ancestry]
   261 | D:1      | Reached XP level 2. HP: 10/22 MP: 2/2
   614 | D:1      | Gained mutation: You are partially covered in large bone
                  | plates. (SH +4) [demonic ancestry]
   614 | D:1      | Reached XP level 3. HP: 21/28 MP: 3/3
   878 | D:2      | Reached skill level 1 in Shields
  1033 | D:2      | Found a hazy altar of Hepliaklqana.
  1033 | D:2      | Noticed a two-headed ogre
  1033 | D:2      | Noticed a phantom
  1085 | D:2      | Found a transporter.
  1358 | D:2      | Gained mutation: You may emit foul miasma when damaged in
                  | melee. [demonic ancestry]
  1358 | D:2      | Reached XP level 4. HP: 29/34 MP: 4/4
  1648 | D:2      | Found a transporter.
  1679 | D:2      | Found a blossoming altar of Fedhas.
  1714 | D:2      | Found a hide-covered altar of Uskayaw.
  1722 | D:2      | Became a worshipper of Uskayaw the Reveler
  2001 | D:3      | Reached * piety under Uskayaw
  2066 | D:3      | Reached ** piety under Uskayaw
  2287 | D:3      | Gained mutation: You have large cloven feet. [demonic
                  | ancestry]
  2287 | D:3      | Reached XP level 5. HP: 40/41 MP: 5/5
  3006 | D:4      | Reached skill level 1 in Invocations
  3054 | D:4      | Noticed Duvessa
  3184 | D:4      | Noticed Dowan
  3191 | D:4      | Killed Duvessa
  3191 | D:4      | Reached XP level 6. HP: 29/48 MP: 2/7
  3210 | D:4      | Killed Dowan
  3253 | D:4      | Found Zin's Purification Station.
  3253 | D:4      | Found a glowing silver altar of Zin.
  3273 | D:4      | Noticed Natasha
  3282 | D:4      | Killed Natasha
  3309 | D:4      | Found a staircase to the Ecumenical Temple.
  3380 | D:4      | Found a shimmering altar of Xom.
  3386 | D:4      | Noticed Natasha
  3397 | D:4      | Killed Natasha
  3573 | D:4      | Noticed Edmund
  3622 | D:4      | Killed Edmund
  3622 | D:4      | Reached skill level 1 in Armour
  3622 | D:4      | Reached XP level 7. HP: 14/54 MP: 9/9
  3990 | D:4      | Noticed Natasha
  3996 | D:4      | Killed Natasha
  4081 | D:5      | Entered Level 5 of the Dungeon
  4084 | D:5      | Got a glittering golden ring
  4085 | D:5      | Identified the ring "Hias" {rF+ EV+1} (You found it on
                  | level 5 of the Dungeon)
  4188 | D:5      | Reached *** piety under Uskayaw
  4782 | D:5      | Reached skill level 5 in Fighting
  4782 | D:5      | Reached skill level 5 in Dodging
  4857 | D:6      | Noticed a two-headed ogre
  4944 | D:5      | Reached XP level 8. HP: 21/62 MP: 11/11
  4951 | D:5      | Slain by a two-headed ogre

Vault maps used:
D:1:      lightli_iron_boxes
D:2:      gammafunk_temple_overflow_arena, overflow_temple_1_default,
          overflow_temple_1_default, first_ration
D:3:      wander_river
D:4:      nicolae_overflow_crystal_walls, zin_purify, minmay_temple_entry_mist,
          hangedman_decor_lopped, uniq_edmund, uniq_natasha, uniq_duvessa
D:5:      minmay_evil_eye, minmay_manual_mares
D:6:      minitemple, chequers_temple_overflow_statue_of_worship, basic_altar

Skill      XL: |  1  2  3  4  5  6  7 |
---------------+----------------------+-----
Dodging        | 3 4 5 |  5.0
Long Blades    | 3 |  3.1
Shields        | 1 2 3 |  3.1
Fighting       | 3 4 5 |  5.0
Invocations    | 2 3 4 |  4.1
Armour         | 1 3 |  3.2
Throwing       | |  1.7

Action                   |  1- 3 |  4- 6 |  7- 9 || total
-------------------------+-------+-------+-------++-------
Melee: Long sword        |   187 |   253 |       ||   440
       Kick              |       |    47 |    32 ||    79
       Dire flail        |       |       |    96 ||    96
Throw: Throwing net      |       |     4 |       ||     4
Invok: Stomp             |       |     3 |     2 ||     5
  Use: Scroll            |       |     7 |     2 ||     9
       Potion            |       |     2 |     1 ||     3
 Stab: Held in net/web   |       |     1 |       ||     1
       Paralysed         |       |       |     2 ||     2
  Eat: Chunk             |     2 |     8 |     5 ||    15
Armor: Chain mail        |    64 |   103 |    73 ||   240
       Leather armour    |     3 |       |       ||     3
Dodge: Dodged            |    24 |    18 |    64 ||   106
Block: Large shield      |   115 |   241 |       ||   356
       Other             |       |       |    28 ||    28
       Rpst.: Long sword |    14 |     5 |       ||    19

Table legend:
 A = Non-vault XP
 B = Vault XP
 C = Vault XP percentage of total XP
 D = Non-vault monster count
 E = Vault monster count
 F = Vault count percentage of total count
                 A         B        C        D         E       F
            +---------+---------+-------+---------+---------+-------
      Total |     674 |     810 |  54.6 |      94 |      12 |  11.3
            +---------+---------+-------+---------+---------+-------
        D:1 |      47 |       0 |   0.0 |      24 |       0 |   0.0
        D:2 |      96 |       0 |   0.0 |      26 |       0 |   0.0
        D:3 |      93 |       0 |   0.0 |      19 |       0 |   0.0
        D:4 |     180 |     421 |  70.0 |      11 |       4 |  26.7
        D:5 |     258 |     389 |  60.1 |      14 |       8 |  36.4
            +---------+---------+-------+---------+---------+-------
